 Dungeon Crawl Stone Soup version 0.29.0-5-ge4962eb29e (webtiles) character file.

Game seed: 17562851590125018433

631 Snarg the Sneak (level 7, -2/32 HPs)
             Began as a Spriggan Conjurer on Aug 29, 2022.
             Was a Follower of Cheibriados.
             Killed from afar by an orc wizard (6 damage)
             ... with a magic dart
             ... on level 5 of the Dungeon.
             The game lasted 00:17:43 (5251 turns).

Snarg the Sneak (Spriggan Conjurer)                 Turns: 5251, Time: 00:17:44

Health: -2/32      AC:  8    Str:  5    XL:     7   Next: 24%
Magic:  9/13       EV: 18    Int: 24    God:    Cheibriados [*.....]
Gold:   146        SH:  0    Dex: 15    Spells: 5/13 levels left

rFire   . . .      SeeInvis +   E - +0 dagger
rCold   . . .      Faith    .   (no shield)
rNeg    . . .      Spirit   .   h - +0 robe
rPois   .          Reflect  .   (helmet restricted)
rElec   .          Harm     .   A - +1 cloak
rCorr   .          Rampage  .   (gloves unavailable)
Will    +....                   (boots unavailable)
Stlth   +++.......              (no amulet)
HPRegen 0.10/turn               s - +4 ring of protection
MPRegen 0.13/turn               (no ring)

@: no status effects
A: very small, no large weapons, unfitting armour, see invisible, speed 3
a: Renounce Religion, Bend Time


You were on level 5 of the Dungeon.
You worshipped Cheibriados.
Cheibriados was aware of your devotion.
You visited 2 branches of the dungeon, and saw 6 of its levels.

You collected 146 gold pieces.

Inventory:

Hand Weapons
 a - a +1 dagger of venom
 b - a +2 rapier of protection
 d - a +0 quarterstaff
 g - a +0 sling
 v - a +0 short sword
 E - a +0 dagger (weapon)
Missiles
 i - 10 boomerangs
 j - 6 poisoned darts
 m - 38 stones
Armour
 h - a +0 robe (worn)
 r - a +0 cloak
 A - a +1 cloak (worn)
Jewellery
 s - a +4 ring of protection (left hand)
Wands
 y - a wand of roots (10)
Scrolls
 e - 4 scrolls of teleportation
 f - 2 scrolls of enchant armour {unknown}
 n - a scroll of vulnerability {unknown}
 o - a scroll of magic mapping
 q - 2 scrolls of blinking
 u - a scroll of enchant weapon {unknown}
 x - a scroll of fog {unknown}
 z - a scroll of poison {unknown}
 B - a scroll of amnesia {unknown}
 D - a scroll of brand weapon {unknown}
Potions
 c - a potion of magic
 k - a potion of brilliance
 l - a potion of heal wounds
 p - a potion of haste {unknown}
 t - 2 potions of degeneration {unknown}
 w - 2 potions of curing
 C - 2 potions of might {unknown}


   Skills:
 + Level 0.8 Fighting
 - Level 4.0 Short Blades
 - Level 0.3 Throwing
 + Level 3.6 Dodging
 + Level 6.9 Stealth
 + Level 3.5 Spellcasting
 + Level 3.7 Conjurations
 * Level 3.0 Hexes
 - Level 1.0 Ice Magic


You had 5 spell levels left.
You knew the following spells:

 Your Spells              Type           Power      Damage    Failure   Level
a - Magic Dart            Conj           88%        1d7       2%          1
b - Searing Ray           Conj           44%        2d6       3%          2
c - Dazzling Flash        Conj/Hex       40%        N/A       8%          3
d - Ensorcelled Hibernat  Hex/Ice        28%        N/A       7%          2

Your spell library contained the following spells:

 Spells                   Type           Power      Damage    Failure   Level
 Beastly Appendage        Tmut           8%         N/A       11%         1
 Wereblood                Tmut           4%         N/A       16%         2
 Fulminant Prism          Conj/Hex       10%        3d9       26%         4
 Spider Form              Tmut/Pois      4%         N/A       30%         3
 Iskenderun's Mystic Bla  Conj/Tloc      13%        2d5       43%         4
 Anguish                  Hex/Necr       5%         N/A       47%         4
 Summon Ice Beast         Ice/Summ       6%         N/A       63%         4
 Silence                  Hex/Air        5%         N/A       83%         5
 Summon Mana Viper        Hex/Summ       11%        N/A       83%         5
 Agony                    Necr           4%         N/A       96%         5
 Monstrous Menagerie      Summ           2%         N/A       100%        7


Dungeon Overview and Level Annotations

Branches:
Dungeon (5/15)             Temple (1/1) D:4

Altars:
Cheibriados
Elyvilon
Hepliaklqana
Kikubaaqudgha
Nemelex Xobeh
Okawaru
Qazlal
Ru
Sif Muna
Trog
Uskayaw
Vehumet
Xom
Yredelemnul
Zin
The Shining One

Annotations:
D:1 clr
D:2 clr
D:3 clr
D:4 clr


Innate Abilities, Weirdness & Mutations

You are very small and have problems with some larger weapons.
You are too small for most types of armour.
You have supernaturally acute eyesight. (SInv)
You cover ground extremely quickly. (Speed+++)


Message History

The spell is quite dangerous to miscast (8% risk of failure)!
Continue anyway?
Casting: Dazzling Flash (quite dangerous; 8% risk of failure)
Press: ? - help, Dir - look around, f - activate The orc wizard is dazzled.
The orc is dazzled.
The orc misses you. x2
The orc wizard misses you.
You hit the orc wizard but do no damage.
The orc wizard is moderately wounded.
The orc misses you. x2; The orc wizard barely misses you.
Unknown command.
You hit the orc wizard but do no damage.
The orc wizard is moderately wounded.
The orc wizard casts a spell at you. The puff of flame misses you.
The orc completely misses you.
You hit the orc wizard but do no damage.
The orc wizard is moderately wounded.
The orc closely misses you. The orc completely misses you.
The orc wizard hits you but does no damage.
You barely miss the orc wizard.
The orc wizard is moderately wounded.
You hit the orc wizard but do no damage.
The orc wizard is moderately wounded.
The orc hits you with a +1 vorpal hand axe.
The orc wizard barely misses you.
You hit the orc wizard but do no damage.
The orc wizard is moderately wounded.
The orc barely misses you.
The orc wizard points at you and mumbles some strange words.
The magic dart hits you!
* * * LOW HITPOINT WARNING * * *
The orc wizard is no longer blind.
The orc closely misses you.
You see here a +0 war axe.
The orc wizard attacks as you move away!
The orc wizard hits you but does no damage.
The orc is no longer blind.
The orc throws a stone.
The stone hits you but does no damage.
The orc wizard attacks as you move away!
The orc wizard barely misses you.
Found 15 gold pieces.
The orc wizard casts a spell at you. The magic dart hits you.
You die...

#..#...# ## #
#.### #.. ##.#
#... #.)#
#...##)###
+.....)..#####
#.........<..#
##..#...o...[##
#.....oo.@...#
#..########....#
....# .#.# ....
.. ... .# . .$ .


You could see an orc wizard (invisible) and 2 orcs.

Vanquished Creatures
  A black bear (D:4)
  A phantom (D:4)
  2 scorpions (D:3)
  A hound (D:5)
  2 orc priests
  2 orc wizards (D:3)
  Natasha (twice) (D:4)
  8 adders
  An ufetubus (D:5)
  A worm (D:3)
  2 dart slugs
  9 orcs
  7 ball pythons
  4 endoplasms
  3 giant cockroaches
  8 goblins
  7 hobgoblins
  5 quokkas
  3 bats
  7 kobolds
  4 rats
80 creatures vanquished.

Notes
Turn   | Place    | Note
-------+----------+-------------------------------------------
     0 | D:1      | Snarg the Spriggan Conjurer began the quest for the Orb.
     0 | D:1      | Reached XP level 1. HP: 9/9 MP: 5/5
   305 | D:1      | Reached XP level 2. HP: 13/13 MP: 0/6
   381 | D:1      | Learned a level 2 spell: Searing Ray
  1314 | D:2      | Reached XP level 3. HP: 16/16 MP: 3/8
  1525 | D:2      | Learned a level 3 spell: Dazzling Flash
  1819 | D:2      | Reached skill level 1 in Short Blades
  1832 | D:2      | Found a faded altar of an unknown god.
  2050 | D:3      | Reached skill level 4 in Stealth
  2103 | D:3      | Noticed a scorpion
  2110 | D:3      | Killed a scorpion
  2111 | D:3      | Reached XP level 4. HP: 21/21 MP: 9/9
  2380 | D:3      | Reached skill level 5 in Stealth
  2543 | D:3      | Reached XP level 5. HP: 24/24 MP: 5/10
  2686 | D:3      | Learned a level 2 spell: Ensorcelled Hibernation
  3400 | D:3      | Reached skill level 1 in Hexes
  3625 | D:4      | Noticed a black bear
  3630 | D:4      | Killed a black bear
  3631 | D:4      | Reached XP level 6. HP: 29/29 MP: 11/11
  3671 | D:3      | Reached skill level 6 in Stealth
  3671 | D:3      | Reached skill level 1 in Ice Magic
  4133 | D:4      | Found a staircase to the Ecumenical Temple.
  4174 | Temple   | Entered the Ecumenical Temple
  4449 | D:2      | Prayed at the altar of an unknown god.
  4449 | D:2      | Became a worshipper of Cheibriados the Contemplative
  4449 | D:2      | Reached * piety under Cheibriados
  4700 | D:4      | Noticed Natasha
  4702 | D:4      | Killed Natasha
  4702 | D:4      | Noticed Natasha
  4703 | D:4      | Reached XP level 7. HP: 32/32 MP: 13/13
  4708 | D:4      | Killed Natasha
  5092 | D:5      | Entered Level 5 of the Dungeon
  5251 | D:5      | Killed from afar by an orc wizard

Illustrated notes

Levels and vault maps discovered:
D:1:      onia_arrival_pentagram, layout_basic
D:2:      layout_basic, serial_glass, glass_columns_b, glass_columns_a,
          ebering_ecumenical_altar_mist
D:3:      layout_loops_corners
D:4:      layout_loops_ring, minmay_temple_entry_glassed_door, uniq_natasha
D:5:      layout_rooms, jmf_multi_god_temple2,
          gammafunk_temple_overflow_elements, kennysheep_small_spiral,
          minmay_misc_feat_room
Temple:   nicolae_temple_bog_church

Skill      XL: |  1  2  3  4  5  6  7 |
---------------+----------------------+-----
Conjurations   | 3 |  3.7
Spellcasting   | 3 |  3.5
Short Blades   | 2 3 4 |  4.0
Stealth        | 4 5 6 |  6.9
Dodging        | 3 |  3.6
Hexes          | 1 2 3 |  3.0
Ice Magic      | 1 |  1.0
Fighting       | |  0.8
Throwing       | |  0.3

Action                   |  1- 3 |  4- 6 |  7- 9 || total
-------------------------+-------+-------+-------++-------
Melee: Dagger            |    35 |    58 |    29 ||   122
       Punch             |       |     1 |     1 ||     2
Throw: Dart              |     4 |     7 |       ||    11
       Boomerang         |     1 |     1 |       ||     2
 Cast: Magic Dart        |    20 |    16 |     3 ||    39
       Searing Ray       |     5 |    15 |     2 ||    22
       Ensorcelled Hiber |       |     2 |     3 ||     5
       Dazzling Flash    |       |       |     3 ||     3
  Use: Scroll            |       |     6 |       ||     6
 Stab: Sleeping          |    10 |     9 |     4 ||    23
       Distracted        |       |       |     1 ||     1
Armor: Robe              |     1 |    14 |    17 ||    32
Dodge: Dodged            |    33 |    39 |    45 ||   117
